AoeStats
← Blue

Arena

510599838Analyzed
4v4 RM · 2d ago on Oct 1, 2026· 39m 26s· 8 players
Game mode
Random Map
Map size
Large (8 player)
Population
200
Speed
Normal
Resources
Standard
Victory
Conquest
Starting age
Dark Age
Ending age
Imperial Age
RankedLock teamsTeams togetherTeam positionsShared explorationLock speedFull tech treeHidden civsTurbo modeCheats
Victory
Defeat
🇩🇪 Burgundians · Germany
1430
+12
🇭🇺 Vietnamese · Hungary
1380
+14
🇦🇷 Jurchens · Argentina
1296
+18
🇧🇪 Poles · Belgium
1294
+19
🇬🇧 Hindustanis · United Kingdom
1357
-16
🇭🇺 Bohemians · Hungary
1348
-16
🇺🇸 Varangians · United States
1347
-16
🇩🇪 Franks · Germany
1322
-15
BlueIce
10:54 Feudal Age
12:01 Double-Bit Axe
14:42 Castle Age
15:46 Bow Saw
15:32 Horse Collar
21:39 Wheelbarrow
21:21 Gold Mining
23:18 Stone Mining
24:33 Hand Cart
25:18 Loom
25:19 Town Watch
28:36 Imperial Age
25:58 Town Watch
26:58 Scale Mail Armor
27:09 Forging
27:29 Ballistics
27:20 Gambesons
27:36 Squires
27:21 Arson
27:56 Chain Mail Armor
27:56 Heavy Plow
29:19 Iron Casting
28:43 Elite Varangian Guard
29:56 Plate Mail Armor
29:42 Capped Ram
30:17 Gothikon
31:15 Siege Ram
34:00 Blast Furnace
35:56 Fletching
Blue
11:11 Feudal Age
15:02 Castle Age
13:04 Double-Bit Axe
13:03 Horse Collar
14:52 Scale Mail Armor
17:27 Forging
29:09 Wheelbarrow
29:02 Bow Saw
29:50 Gold Mining
32:29 Chain Mail Armor
33:05 Scale Barding Armor
34:22 Chain Barding Armor
36:31 Iron Casting
36:48 Bloodlines
40:30 Imperial Age
37:46 Loom
37:57 Fletching
Uporcpine
10:05 Feudal Age
11:42 Loom
13:57 Castle Age
12:52 Double-Bit Axe
12:50 Horse Collar
15:07 Bow Saw
17:51 Loom
20:33 Fervor
22:18 Wheelbarrow
21:46 Heavy Plow
24:57 Scale Mail Armor
28:13 Imperial Age
26:58 Chemistry
25:33 Pikeman
26:13 Squires
26:32 Forging
27:24 Chain Mail Armor
28:33 Iron Casting
28:24 Ballistics
28:40 Halberdier
30:35 Plate Mail Armor
30:05 Fletching
30:01 Elite Skirmisher
31:40 Conscription
31:41 Siege Engineers
31:46 Town Watch
31:59 Bodkin Arrow
32:10 Padded Archer Armor
33:52 Leather Archer Armor
33:38 Bracer
35:47 Ring Archer Armor
[FUCKI] Obi-One Canboneme
11:57 Feudal Age
15:48 Castle Age
13:52 Double-Bit Axe
15:19 Gold Mining
17:55 Bow Saw
23:36 Wheelbarrow
23:32 Loom
25:09 Hand Cart
27:11 Gold Shaft Mining
26:26 Stone Mining
31:24 Imperial Age
29:26 Husbandry
31:32 Scale Barding Armor
31:38 Forging
31:37 Cavalier
32:46 Chain Barding Armor
33:46 Iron Casting
33:21 Paladin
36:20 Conscription
37:36 Blast Furnace
37:12 Plate Barding Armor
37:19 Plate Barding Armor
Cronik
5:37 Double-Bit Axe
10:53 Feudal Age
14:50 Castle Age
13:27 Bow Saw
15:32 Horse Collar
22:58 Wheelbarrow
24:42 Two-Man Saw
23:58 Heavy Plow
24:51 Hand Cart
28:53 Imperial Age
26:41 Loom
27:02 Scale Barding Armor
28:13 Husbandry
27:37 Cavalier
29:01 Chain Barding Armor
28:52 Forging
29:32 Crop Rotation
28:53 Gold Mining
29:01 Paladin
30:24 Plate Barding Armor
31:17 Gold Shaft Mining
30:32 Stone Mining
33:16 Conscription
32:20 Light Cavalry
34:34 Iron Casting
34:53 Hussar
35:08 Capped Ram
37:21 Chemistry
36:02 Treadmill Crane
36:32 Masonry
AJR86
11:00 Feudal Age
12:17 Double-Bit Axe
14:46 Castle Age
12:30 Horse Collar
16:06 Bow Saw
16:25 Heavy Plow
17:16 Loom
18:09 Loom
20:10 Wheelbarrow
20:39 Stone Mining
20:52 Gold Mining
22:24 Hand Cart
25:56 Fletching
27:08 Thumb Ring
27:10 Bodkin Arrow
30:04 Imperial Age
27:30 Bodkin Arrow
27:39 Padded Archer Armor
27:00 Crossbowman
28:42 Leather Archer Armor
28:24 Town Watch
28:10 Pikeman
28:50 Squires
28:52 Scale Mail Armor
29:07 Forging
30:06 Arbalester
30:58 Bracer
31:48 Ballistics
33:18 Chemistry
33:26 Chain Mail Armor
34:09 Paper Money
34:27 Iron Casting
35:13 Halberdier
38:07 Arson
38:54 Plate Mail Armor
krsna
12:01 Feudal Age
12:58 Double-Bit Axe
12:56 Horse Collar
15:50 Castle Age
17:22 Bow Saw
17:49 Wheelbarrow
22:22 Heavy Plow
23:42 Fervor
24:30 Loom
25:01 Hand Cart
24:32 Town Watch
29:14 Imperial Age
26:57 Scale Barding Armor
27:08 Squires
26:53 Arson
27:17 Szlachta Privileges
27:59 Chain Barding Armor
27:50 Forging
27:42 Scale Mail Armor
28:19 Bloodlines
28:10 Husbandry
28:10 Gold Mining
28:24 Stone Mining
29:04 Town Patrol
29:43 Iron Casting
29:26 Chain Mail Armor
29:24 Elite Obuch
30:24 Conscription
29:43 Cavalier
32:06 Stone Shaft Mining
32:48 Blast Furnace
33:05 Light Cavalry
35:57 Plate Mail Armor
35:19 Fletching
36:52 Lechitic Legacy
36:53 Conscription
39:02 Winged Hussar
Alexis
12:00 Feudal Age
15:36 Castle Age
13:29 Double-Bit Axe
14:36 Padded Archer Armor
16:43 Bow Saw
17:06 Leather Archer Armor
20:02 Town Watch
24:13 Loom
24:46 Horse Collar
26:05 Fletching
30:19 Ballistics
33:49 Wheelbarrow
35:31 Gold Mining
35:42 Heavy Plow
39:18 Imperial Age
37:36 Hand Cart
Connection lost

Rejoining the realm…

Still unreachable

The connection could not be restored.

Session expired

The server has moved on; the page needs a fresh start.